 Dungeon Crawl Stone Soup version 0.31-a0-164-g2312942fda (webtiles) character file.

Game seed: 14376747633324369551

1058 qw the Skirmisher (level 8, -9/74 HPs)
             Began as a Naga Hunter on June 13, 2023.
             Was an Initiate of Okawaru.
             Mangled by Duvessa
             ... wielding a +0 rapier
              (14 damage)
             ... on level 5 of the Dungeon.
             The game lasted 00:01:52 (4220 turns).

qw the Skirmisher (Naga Hunter)                     Turns: 4220, Time: 00:01:53

Health: -9/74      AC:  7    Str: 13    XL:     8   Next: 27%
Magic:  8/8        EV:  8    Int: 16    God:    Okawaru [......]
Gold:   270        SH:  0    Dex: 15    Spells: 7/7 levels left

rFire   + . .        Y - +2 shortbow
rCold   . . .        (shield currently unavailable)
rNeg    . . .        e - +1 ring mail of the Poles {rCorr Int+2}
rPois   +            (helmet restricted)
rElec   .            (no cloak)
rCorr   +            b - +0 pair of gloves
SInv    +            (no barding)
Will    +....        (no amulet)
Stlth   +            l - ring of protection from fire
HPRegen 0.32/turn    (no ring)
MPRegen 0.11/turn

%: no passive effects
@: short of breath, very slow
A: AC +2, large, see invisible, deformed body, poison resistance, slowness 2,
spit poison 1, naga tail 1, beak, clever 1
a: Spit Poison, Renounce Religion


You were on level 5 of the Dungeon.
You worshipped Okawaru.
Okawaru was noncommittal.
You visited 2 branches of the dungeon, and saw 6 of its levels.

You collected 270 gold pieces.


Innate Abilities, Weirdness & Mutations

Your serpentine skin is tough. (AC +2)
You have supernaturally acute eyesight. (SInv)
Armour fits poorly on your strangely shaped body.
Your system is resistant to poisons. (rPois)
You cover ground very slowly.
You can spit poison.
You have a snake-like lower body.
You have a beak for a mouth.
Your mind is acute. (Int +4, Str/Dex -1)


   Skills:
 - Level 5.2 Fighting
 - Level 8.0 Ranged Weapons
 - Level 1.5 Armour
 + Level 1.5 Dodging
 - Level 1.5 Stealth


You had 7 spell levels left.
You didn't know any spells.
Your spell library was empty.

Inventory:

Hand Weapons
 Y - a +2 shortbow (weapon)
Armour
 b - a +0 pair of gloves (worn)
 e - the +1 ring mail of the Poles (worn) {rCorr Int+2}
   (You found it on level 2 of the Dungeon)

   Int:       It affects your intelligence (+2).
   rCorr:     It protects you from acid and corrosion.
Jewellery
 l - a ring of protection from fire (left hand)
Scrolls
 d - 2 scrolls of poison {unknown}
 h - a scroll of identify
Potions
 a - 5 potions of curing
 f - a potion of mutation
 g - a potion of resistance {unknown}
 i - a potion of haste

Dungeon Overview and Level Annotations

Branches:
Dungeon (5/15)             Temple (1/1) D:4

Altars:
Ashenzari
Cheibriados
Dithmenos
Elyvilon
Fedhas
Gozag
Kikubaaqudgha
Nemelex Xobeh
Okawaru
Sif Muna
Vehumet
Wu Jian
Zin
The Shining One

Annotations:
D:3 1 transporter
D:5 Duvessa, Ijyb, Robin


Message History

The goblin hits you but does no damage. Ijyb hits you with a +0 dagger.
The goblin hits you but does no damage.
4215 ||| DRINKING 2 potions of heal wounds.
You feel much better. Duvessa hits you with a +0 rapier!!
The goblin misses you. The goblin hits you with a +0 dagger.
Ijyb completely misses you. The goblin hits you but does no damage.
4216 ||| DRINKING potion of heal wounds.
You feel much better.
Duvessa hits you with a +0 rapier. x2; The goblin hits you but does no damage. x2
Ijyb zaps a wand.
You easily resist.
The goblin hits you but does no damage.
4217 ||| INVOKING Spit Poison.
Aiming: Spit Poison (1% risk of failure)
Press: ? - help, Shift-Dir - straight line, f/p - Duvessa The splash of poison hits Duvessa!
Duvessa is poisoned.
Duvessa is severely wounded.
Ijyb no longer looks unusually strong.
Duvessa hits you but does no damage. The goblin barely misses you. x2
Robin roars a battlecry!
Ijyb goes into a battle-frenzy!
The goblin barely misses you. Ijyb hits you with a +0 dagger.
You shoot an arrow. The arrow hits Duvessa.
Duvessa is severely wounded.
Duvessa hits you with a +0 rapier! Duvessa closely misses you.
The goblin hits you with a +0 dagger. The goblin hits you but does no damage.
The goblin misses you. Ijyb hits you with a +0 dagger.
You shoot an arrow. The arrow hits Duvessa!
Duvessa is severely wounded.
You have got your breath back.
Duvessa hits you with a +0 rapier. Duvessa misses you.
The goblin hits you but does no damage. x2; The goblin completely misses you.
Ijyb barely misses you.
4220 ||| INVOKING Spit Poison.
Aiming: Spit Poison (1% risk of failure)
Press: ? - help, Shift-Dir - straight line, f/p - Duvessa The splash of poison hits Duvessa but does no damage.
Duvessa is severely wounded.
The goblin no longer looks unusually strong.
Duvessa hits you with a +0 rapier!
You die...

>...... ...## .......
....##. ...............
....... ......# .....
....... ......# ....#.
..... ..)...##.###....#
#..#......##.#>.....#
#.gg##..............#
#.ge@g...............
......##gg.##...........)
.#...# ###..# #.##.......
...e. #..###.........#
..g. ##............##


ggg ##........#.### ... ####..#........ ##.##........#.) ##..#.........### You
could see Duvessa (berserk, poisoned), Ijyb (strong), Robin, a hobgoblin
(strong) and 3 goblins.

Vanquished Creatures
  Grinder (D:3)
  An ogre (D:4)
  2 phantoms
  Dowan (D:5)
  2 howler monkeys
  A hound (D:4)
  An orc priest (D:4)
  3 iguanas
  Jessica (D:3)
  Natasha (thrice) (D:2)
  A sleepcap (D:5)
  An orc wizard (D:5)
  8 adders
  A shadow imp (D:4)
  A worm (D:3)
  3 dart slugs
  7 orcs
  7 bats
  9 endoplasms
  6 giant cockroaches
  11 goblins
  6 hobgoblins
  17 jackals
  4 quokkas
  8 ball pythons
  2 frilled lizards (D:3)
  6 kobolds
  9 rats
123 creatures vanquished.

Notes
Turn   | Place    | Note
-------+----------+-------------------------------------------
     0 | D:1      | qw the Naga Hunter began the quest for the Orb.
     0 | D:1      | Reached XP level 1. HP: 19/19 MP: 1/1
     0 | D:1      | 0 ||| qw: Version: 0.2-a-29-gc1b59c4
     0 | D:1      | 0 ||| qw: Game counter: 4622
     0 | D:1      | 0 ||| qw: Always use a shield: true
     0 | D:1      | 0 ||| qw: God list: Okawaru
     0 | D:1      | 0 ||| qw: Allow faded altars: false
     0 | D:1      | 0 ||| qw: Do Orc after D:15 true
     0 | D:1      | 0 ||| qw: Do second Lair branch before Depths: true
     0 | D:1      | 0 ||| qw: Lair rune preference: random
     0 | D:1      | 0 ||| qw: Plans: Normal
     0 | D:1      | 0 ||| PLANNING D:1-11
    20 | D:1      | 20 ||| INVOKING Spit Poison.
    29 | D:1      | 29 ||| INVOKING Spit Poison.
    34 | D:1      | 34 ||| INVOKING Spit Poison.
    63 | D:1      | 63 ||| INVOKING Spit Poison.
    84 | D:1      | 84 ||| INVOKING Spit Poison.
    85 | D:1      | Reached skill level 4 in Ranged Weapons
    85 | D:1      | Reached XP level 2. HP: 26/26 MP: 2/2
    88 | D:1      | 88 ||| INVOKING Spit Poison.
    93 | D:1      | 93 ||| INVOKING Spit Poison.
   153 | D:1      | 153 ||| INVOKING Spit Poison.
   170 | D:1      | 170 ||| INVOKING Spit Poison.
   174 | D:1      | 174 ||| INVOKING Spit Poison.
   178 | D:1      | 178 ||| INVOKING Spit Poison.
   201 | D:1      | 201 ||| INVOKING Spit Poison.
   207 | D:1      | 207 ||| INVOKING Spit Poison.
   210 | D:1      | 210 ||| INVOKING Spit Poison.
   287 | D:1      | Found a faded altar of an unknown god.
   290 | D:1      | Reached XP level 3. HP: 32/32 MP: 3/3
   297 | D:1      | 297 ||| INVOKING Spit Poison.
   354 | D:1      | 354 ||| INVOKING Spit Poison.
   607 | D:1      | 607 ||| INVOKING Spit Poison.
   656 | D:1      | 656 ||| READING scroll labelled HYEGHAH RUPU.
   657 | D:1      | 657 ||| READING scroll labelled ROCAWUPAOCS.
   658 | D:1      | 658 ||| READING scroll labelled QONWUB ZANAZ.
   663 | D:1      | 663 ||| READING scroll labelled YHUDOI ZUGG.
   664 | D:1      | 664 ||| DROPPING scroll of butterflies.
   691 | D:2      | 691 ||| INVOKING Spit Poison.
   696 | D:2      | 696 ||| INVOKING Spit Poison.
   721 | D:2      | 721 ||| INVOKING Spit Poison.
   727 | D:2      | 727 ||| INVOKING Spit Poison.
   736 | D:2      | 736 ||| INVOKING Spit Poison.
   825 | D:2      | Found a blossoming altar of Fedhas.
   826 | D:2      | 826 ||| INVOKING Spit Poison.
   894 | D:2      | 894 ||| INVOKING Spit Poison.
   906 | D:2      | 906 ||| INVOKING Spit Poison.
   912 | D:2      | 912 ||| INVOKING Spit Poison.
   918 | D:2      | 918 ||| INVOKING Spit Poison.
   982 | D:2      | 982 ||| INVOKING Spit Poison.
  1002 | D:2      | 1002 ||| INVOKING Spit Poison.
  1006 | D:2      | Reached skill level 5 in Ranged Weapons
  1033 | D:2      | 1033 ||| INVOKING Spit Poison.
  1036 | D:2      | 1036 ||| INVOKING Spit Poison.
  1037 | D:2      | 1037 ||| INVOKING Spit Poison.
  1038 | D:2      | Reached XP level 4. HP: 39/39 MP: 4/4
  1040 | D:2      | 1040 ||| INVOKING Spit Poison.
  1043 | D:2      | 1043 ||| INVOKING Spit Poison.
  1049 | D:2      | Identified the +1 ring mail of the Poles {rCorr Int+2}
  1069 | D:2      | 1069 ||| INVOKING Spit Poison.
  1072 | D:2      | 1072 ||| INVOKING Spit Poison.
  1078 | D:2      | 1078 ||| INVOKING Spit Poison.
  1115 | D:2      | 1115 ||| INVOKING Spit Poison.
  1154 | D:2      | 1154 ||| INVOKING Spit Poison.
  1193 | D:2      | 1193 ||| INVOKING Spit Poison.
  1202 | D:2      | 1202 ||| READING scroll of enchant weapon.
  1202 | D:2      | 1202 ||| ENCHANTING +1 shortbow.
  1219 | D:2      | 1219 ||| INVOKING Spit Poison.
  1222 | D:2      | 1222 ||| INVOKING Spit Poison.
  1226 | D:2      | Noticed Natasha
  1228 | D:2      | 1228 ||| INVOKING Spit Poison.
  1229 | D:2      | Killed Natasha
  1230 | D:2      | Reached skill level 3 in Fighting
  1242 | D:2      | Noticed Natasha
  1243 | D:2      | 1243 ||| INVOKING Spit Poison.
  1246 | D:2      | Killed Natasha
  1247 | D:2      | Reached XP level 5. HP: 49/49 MP: 5/5
  1280 | D:2      | Noticed Natasha
  1284 | D:2      | 1284 ||| INVOKING Spit Poison.
  1287 | D:2      | 1287 ||| INVOKING Spit Poison.
  1289 | D:2      | 1289 ||| INVOKING Spit Poison.
  1289 | D:2      | Killed Natasha
  1534 | D:2      | 1534 ||| UPGRADING to +1 ring mail of the Poles {rCorr
                  | Int+2}.
  1544 | D:2      | 1544 ||| DROPPING +0 leather armour.
  1545 | D:2      | 1545 ||| READING scroll labelled VOPTEC QOERGH.
  1546 | D:2      | 1546 ||| READING scroll labelled XIOTET MAFFE.
  1547 | D:2      | 1547 ||| DRINKING 2 silvery potions.
  1548 | D:2      | 1548 ||| DRINKING 2 grey potions.
  1677 | D:3      | 1677 ||| INVOKING Spit Poison.
  1744 | D:3      | 1744 ||| INVOKING Spit Poison.
  1748 | D:3      | 1748 ||| INVOKING Spit Poison.
  1766 | D:3      | 1766 ||| INVOKING Spit Poison.
  1775 | D:3      | Found a radiant altar of Vehumet.
  1775 | D:3      | Noticed Grinder
  1777 | D:3      | Paralysed by Grinder for 3 turns
  1786 | D:3      | HP: 12/49 [Grinder (6)]
  1787 | D:3      | 1787 ||| READING scroll of teleportation.
  1788 | D:3      | Killed Grinder
  1789 | D:3      | Reached skill level 6 in Ranged Weapons
  1789 | D:3      | Reached XP level 6. HP: 14/56 MP: 6/6
  1791 | D:3      | 1791 ||| INVOKING Spit Poison.
  1792 | D:3      | HP: 14/56 [frilled lizard (1)]
  1797 | D:3      | 1797 ||| INVOKING Spit Poison.
  1801 | D:3      | HP: 10/56 [jackal (2)]
  1802 | D:3      | 1802 ||| INVOKING Spit Poison.
  1981 | D:3      | Found a sparkling altar of Nemelex Xobeh.
  1981 | D:3      | Found a transporter.
  1981 | D:3      | Noticed a black bear
  1993 | D:3      | Found a glowing golden altar of the Shining One.
  2030 | D:3      | 2030 ||| INVOKING Spit Poison.
  2044 | D:3      | 2044 ||| INVOKING Spit Poison.
  2061 | D:3      | 2061 ||| INVOKING Spit Poison.
  2082 | D:3      | 2082 ||| INVOKING Spit Poison.
  2087 | D:3      | 2087 ||| INVOKING Spit Poison.
  2091 | D:3      | 2091 ||| INVOKING Spit Poison.
  2106 | D:3      | Noticed Jessica
  2107 | D:3      | 2107 ||| Stepping ~*~*~tactically~*~*~ (outnumbered).
  2109 | D:3      | 2109 ||| Stepping ~*~*~tactically~*~*~ (outnumbered).
  2110 | D:3      | 2110 ||| INVOKING Spit Poison.
  2116 | D:3      | 2116 ||| INVOKING Spit Poison.
  2120 | D:3      | Killed Jessica
  2121 | D:3      | Reached XP level 7. HP: 22/63 MP: 7/7
  2122 | D:3      | 2122 ||| INVOKING Spit Poison.
  2279 | D:3      | 2279 ||| INVOKING Spit Poison.
  2284 | D:3      | 2284 ||| INVOKING Spit Poison.
  2350 | D:3      | Found a shimmering blue altar of Sif Muna.
  2375 | D:3      | 2375 ||| INVOKING Spit Poison.
  2380 | D:3      | 2380 ||| INVOKING Spit Poison.
  2384 | D:3      | 2384 ||| INVOKING Spit Poison.
  2437 | D:3      | Found an ornate altar of the Wu Jian Council.
  2466 | D:3      | 2466 ||| INVOKING Spit Poison.
  2533 | D:3      | 2533 ||| UPGRADING to +0 pair of gloves.
  2538 | D:3      | 2538 ||| UPGRADING to +0 helmet.
  2543 | D:3      | 2543 ||| UPGRADING to ring of protection from fire.
  2544 | D:3      | 2544 ||| READING 3 scrolls labelled LUFOUWK FAWET.
  2545 | D:3      | 2545 ||| READING scroll labelled CYFUNI TICLO.
  2546 | D:3      | 2546 ||| DRINKING 2 viscous pink potions.
  2546 | D:3      | Gained mutation: Your mind is acute. (Int +4, Str/Dex -1)
                  | [potion of mutation]
  2546 | D:3      | Gained mutation: You have a beak for a mouth. [potion of
                  | mutation]
  2547 | D:3      | 2547 ||| DROPPING +0 helmet.
  2548 | D:3      | 2548 ||| DROPPING 2 scrolls of fear.
  2559 | D:4      | 2559 ||| INVOKING Spit Poison.
  2562 | D:4      | Reached skill level 1 in Armour
  2571 | D:4      | 2571 ||| INVOKING Spit Poison.
  2575 | D:4      | 2575 ||| INVOKING Spit Poison.
  2580 | D:4      | 2580 ||| INVOKING Spit Poison.
  2692 | D:4      | 2692 ||| STAIRDANCE
  2704 | D:4      | 2704 ||| INVOKING Spit Poison.
  2706 | D:4      | Reached skill level 7 in Ranged Weapons
  2715 | D:4      | 2715 ||| INVOKING Spit Poison.
  2755 | D:4      | 2755 ||| INVOKING Spit Poison.
  2767 | D:4      | 2767 ||| INVOKING Spit Poison.
  2786 | D:4      | 2786 ||| INVOKING Spit Poison.
  2789 | D:4      | 2789 ||| INVOKING Spit Poison.
  2804 | D:4      | Found a white marble altar of Elyvilon.
  2829 | D:4      | 2829 ||| INVOKING Spit Poison.
  2835 | D:4      | 2835 ||| INVOKING Spit Poison.
  2842 | D:4      | 2842 ||| INVOKING Spit Poison.
  2849 | D:4      | 2849 ||| INVOKING Spit Poison.
  2853 | D:4      | 2853 ||| INVOKING Spit Poison.
  2905 | D:4      | Found an ancient bone altar of Kikubaaqudgha.
  2959 | D:4      | 2959 ||| INVOKING Spit Poison.
  2964 | D:4      | 2964 ||| Stepping ~*~*~tactically~*~*~ (outnumbered).
  2965 | D:4      | 2965 ||| INVOKING Spit Poison.
  2966 | D:4      | 2966 ||| Stepping ~*~*~tactically~*~*~ (outnumbered).
  2969 | D:4      | 2969 ||| INVOKING Spit Poison.
  2973 | D:4      | 2973 ||| INVOKING Spit Poison.
  2980 | D:4      | 2980 ||| INVOKING Spit Poison.
  2982 | D:4      | HP: 15/64 [orc/+0 mace (3)]
  3225 | D:4      | Found a staircase to the Ecumenical Temple.
  3226 | D:4      | 3226 ||| PLANNING TEMPLE
  3226 | D:4      | 3226 ||| DRINKING 3 yellow potions.
  3227 | D:4      | 3227 ||| DROPPING 2 potions of magic.
  3237 | Temple   | Entered the Ecumenical Temple
  3301 | Temple   | 3301 ||| PLANNING OKAWARU WORSHIP
  3383 | Temple   | Became a worshipper of Warmaster Okawaru
  3383 | Temple   | 3383 ||| PLANNING D:1-11
  3503 | D:4      | 3503 ||| READING scroll labelled ZOBODI WAKLIGE.
  3512 | D:4      | 3512 ||| STAIRDANCE
  3514 | D:3      | 3514 ||| INVOKING Spit Poison.
  3567 | D:3      | 3567 ||| READING 2 scrolls of identify.
  3567 | D:3      | 3567 ||| IDENTIFYING bubbling grey potion
  3692 | D:4      | 3692 ||| INVOKING Spit Poison.
  3693 | D:4      | Reached XP level 8. HP: 72/72 MP: 8/8
  3778 | D:5      | Entered Level 5 of the Dungeon
  3797 | D:5      | Reached skill level 8 in Ranged Weapons
  3801 | D:5      | 3801 ||| INVOKING Spit Poison.
  3806 | D:5      | 3806 ||| INVOKING Spit Poison.
  3812 | D:5      | 3812 ||| INVOKING Spit Poison.
  3815 | D:5      | 3815 ||| INVOKING Spit Poison.
  4103 | D:5      | 4103 ||| INVOKING Spit Poison.
  4108 | D:5      | 4108 ||| INVOKING Spit Poison.
  4181 | D:5      | Noticed Ijyb
  4181 | D:5      | Noticed Dowan
  4182 | D:5      | 4182 ||| Stepping ~*~*~tactically~*~*~ (outnumbered).
  4184 | D:5      | 4184 ||| Stepping ~*~*~tactically~*~*~ (outnumbered).
  4185 | D:5      | 4185 ||| INVOKING Spit Poison.
  4192 | D:5      | 4192 ||| INVOKING Spit Poison.
  4193 | D:5      | Killed Dowan
  4194 | D:5      | Noticed Duvessa
  4196 | D:5      | Noticed Robin
  4197 | D:5      | 4197 ||| Stepping ~*~*~tactically~*~*~ (outnumbered).
  4199 | D:5      | 4199 ||| INVOKING Spit Poison.
  4203 | D:5      | 4203 ||| INVOKING Spit Poison.
  4207 | D:5      | 4207 ||| INVOKING Spit Poison.
  4212 | D:5      | HP: 14/74 [Duvessa/+0 rapier (9)]
  4213 | D:5      | 4213 ||| DRINKING 3 potions of heal wounds.
  4215 | D:5      | 4215 ||| DRINKING 2 potions of heal wounds.
  4216 | D:5      | 4216 ||| DRINKING potion of heal wounds.
  4217 | D:5      | 4217 ||| INVOKING Spit Poison.
  4218 | D:5      | HP: 14/74 [Duvessa/+0 rapier (10)]
  4219 | D:5      | HP: 5/74 [Duvessa/+0 rapier (5)]
  4220 | D:5      | 4220 ||| INVOKING Spit Poison.
  4220 | D:5      | Mangled by Duvessa

Levels and vault maps discovered:
D:1:      minmay_arrival_shattered_statue, layout_basic,
          hellmonk_ecumenical_altar_dog_temple
D:2:      layout_basic, basic_altar, uniq_natasha
D:3:      kennysheep_six_static_rooms, layout_loops_cross, tso_altar,
          pdpol_wu_jian_five_deadly_venoms, mainiacjoe_overflow_alcove_4,
          mainiacjoe_overflow_paths, grunt_nemelex_the_gamble,
          minmay_misc_feat_x, st_stairs_8, due_unseen_surprise, uniq_grinder,
          uniq_jessica
D:4:      cheibrodos_old_hovel, layout_basic, overflow_temple_1_default,
          elyvilon_altar_3, minmay_temple_entry_junction, grunt_ministairs_5
D:5:      nicolae_cairo_tiling, layout_cave_pools,
          yredelemnul_forgotten_temple_becter, nicolae_goblin_pals,
          uniq_menkaure, uniq_duvessa, uniq_edmund
Temple:   nicolae_temple_superstar

Skill      XL: |  1  2  3  4  5  6  7  8 |
---------------+-------------------------+-----
Ranged Weapons | 4 5 6 7 8 |  8.0
Fighting       | 3 4 5 |  5.2
Armour         | 1 |  1.5
Dodging        | |  1.5
Stealth        | |  1.5

Action                     |  1- 3 |  4- 6 |  7- 9 || total
---------------------------+-------+-------+-------++-------
  Melee: Unarmed           |       |       |    12 ||    12
   Fire: Shortbow          |    70 |    81 |   129 ||   280
Ability: Spit Poison       |    31 |    30 |    42 ||   103
    Use: Scroll            |     4 |     4 |     4 ||    12
         Potion            |       |     2 |     5 ||     7
 Armour: Leather armour    |     5 |     1 |       ||     6
         Ring mail         |       |    16 |    63 ||    79
         Skin              |       |       |     9 ||     9
  Dodge: Dodged            |    25 |    20 |    90 ||   135

Table legend:
 A = Non-vault XP
 B = Vault XP
 C = Vault XP percentage of total XP
 D = Non-vault monster count
 E = Vault monster count
 F = Vault count percentage of total count
                 A         B        C        D         E       F
            +---------+---------+-------+---------+---------+-------
      Total |     904 |     608 |  40.2 |     104 |      19 |  15.4
            +---------+---------+-------+---------+---------+-------
        D:1 |      40 |       6 |  13.0 |      23 |       3 |  11.5
        D:2 |     141 |      36 |  20.3 |      30 |       1 |   3.2
        D:3 |     116 |     332 |  74.1 |      18 |      10 |  35.7
        D:4 |     369 |     160 |  30.2 |      26 |       3 |  10.3
        D:5 |     238 |      74 |  23.7 |       7 |       2 |  22.2
            +---------+---------+-------+---------+---------+-------
